 Dungeon Sprint DCSS version 0.22.1-6-g1668fe2 (webtiles) character file.

10000000 doot the Intangible (level 25, -26/140 HPs)
             Began as a Felid Berserker on Jan 24, 2019.
             Was the Champion of Makhleb.
             Killed from afar by a large bag of meat (31 damage)
             ... with an exploding inner flame
             ... in the Dungeon (Sprint VIII: "Arena of Blood").
             The game lasted 00:03:39 (100 turns).

doot the Intangible (Felid Berserker)                Turns: 100, Time: 00:03:41

Health: -26/140    AC:  3    Str: 13    XL:     25   Next: 73%
Magic:  55/55      EV: 44    Int:  9    God:    Makhleb [******]
Gold:   0          SH:  0    Dex: 27    Spells: 78/78 levels left
                                        Lives:  0   Deaths: 5

rFire    . . .     SeeInvis +     - Unarmed
rCold    + . .     Gourm    .   (shield unavailable)
rNeg     . . .     Faith    .   (armour unavailable)
rPois    .         Spirit   .   (helmet unavailable)
rElec    .         Reflect  .   (cloak unavailable)
rCorr    .         Harm     .   (gloves unavailable)
MR       +++..     NoTele   +   (boots unavailable)
Stlth    ++++++++++             (no amulet)
HPRegen  0.33/turn              h - +27000 ring of slaying
MPRegen  0.34/turn              (no ring)

@: quick
A: very small, no armour, no weapons or thrown items, stealth, claws 1, fangs 3,
see invisible, carnivore, speed 1, shaggy fur 3, slow metabolism 1, sharp paws
a: Minor Destruction, Lesser Servant of Makhleb, Major Destruction, Greater
Servant of Makhleb, Renounce Religion


You were in the Dungeon.
You worshipped Makhleb.
Makhleb was exalted by your worship.
You were not hungry.

You visited 1 branch

Inventory:

Jewellery
 h - a +27000 ring of slaying (left paw)
Scrolls
 g - a scroll of blinking
Potions
 b - a potion of curing
 c - a potion of heal wounds
 d - a potion of haste
 e - 2 potions of magic
 f - a potion of berserk rage
Comestibles
 a - a ration


   Skills:
 O Level 27 Fighting
 O Level 27 Dodging
 O Level 27 Stealth
 O Level 27 Unarmed Combat
 O Level 27 Spellcasting
 O Level 27 Invocations


You had 78 spell levels left.
You didn't know any spells.
Your spell library was empty.

Dungeon Overview and Level Annotations

Branches:
Dungeon (1/1)

Altars:
Makhleb

Annotations:
D The Captor


Innate Abilities, Weirdness & Mutations

You cannot wear armour.
You are incapable of wielding weapons or throwing items.
Your paws allow you to move quietly. (Stealth)
You have sharp claws.
You have razor-sharp teeth.
You have supernaturally acute eyesight. (SInv)
You are carnivorous and can eat meat at any time.
You cover ground quickly.
Your thick and shaggy fur keeps you warm. (AC +3, rC+)
You have a slow metabolism.
Your sharp claws are effective at attacking unaware monsters.


Message History

* * * LOW HITPOINT WARNING * * *
You hear a shout!
The meat berserker rages.
A tyrant comes into view.
You hear a shout!
The destroyer blinks!
Your cacodemon hits the crawling corpse!
Your cacodemon hits the crawling corpse!!
The crawling corpse is destroyed!
A corpse begins to drag itself along the ground!
Some corpses meld into an agglomeration of writhing flesh!
A small abomination and a crawling corpse come into view.
You eviscerate the large bag of meat!!!!!!!!!
The large bag of meat explodes!
The fiery explosion engulfs the bag of meat. x2
The fiery explosion engulfs the dread.
The fiery explosion engulfs the crawling corpse.
The crawling corpse is destroyed!
The fiery explosion engulfs you!
You die...

= #### .. ...####
##.#####......#
.....§§§2......
#.##.o§@.......
..oz.W.§.x..%.L
..#z#.o§O...#.........
...§......####...o .o .
..LoWo.V%o.......ooO ..
...W..x........oo#o o..
...................O.O
o.O§
........§.§......Ooo#ooo..
#.......#)§..%..§OooOOVoo.


You could see 2 tyrants, a destroyer, 2 sculptors of flesh, 3 dreads, a meat
berserker (berserk), a small abomination, 6 bags of meat, a crawling corpse and
a friendly cacodemon.

Vanquished Creatures
  3 greater mummies (D)
  A wraith (D)
  5 vampire knights (D)
  17 ogres (D)
  6 two-headed ogres (D)
  2 liches (D)
  A hydra (D)
  23 orcs (D)
  A phantom (D)
  3 skeletal warriors (D)
  2 large abominations (D)
64 creatures vanquished.

Vanquished Creatures (collateral kills)
  A crawling corpse (D)
1 creature vanquished.

Vanquished Creatures (others)
  6 crawling corpses (D)
6 creatures vanquished.

Grand Total: 71 creatures vanquished

Notes
Turn   | Place    | Note
-------+----------+-------------------------------------------
     0 | D        | doot the Felid Berserker began the quest for the Orb.
     0 | D        | Reached XP level 1. HP: 10/10 MP: 2/2
     3 | D        | Noticed a meat berserker
     4 | D        | Fell from the grace of Trog
     4 | D        | Became a worshipper of Makhleb the Destroyer
     5 | D        | Noticed a bag of meat
     6 | D        | Killed a meat berserker
     6 | D        | Reached XP level 2. HP: 30/30 MP: 3/3
     6 | D        | Reached XP level 3. HP: 34/34 MP: 4/4
     6 | D        | Reached XP level 4. HP: 38/38 MP: 5/5
     6 | D        | Reached XP level 5. HP: 42/42 MP: 6/6
     6 | D        | Gained mutation: You are covered in thick fur. (AC +2)
                  | [Felid growth]
     6 | D        | Reached XP level 6. HP: 46/46 MP: 7/7
     6 | D        | Reached XP level 7. HP: 50/50 MP: 8/8
     6 | D        | Reached XP level 8. HP: 54/54 MP: 9/9
     6 | D        | Reached XP level 9. HP: 58/58 MP: 10/10
     6 | D        | Reached XP level 10. HP: 63/63 MP: 11/11
     6 | D        | Reached XP level 11. HP: 67/67 MP: 12/12
     6 | D        | Gained mutation: Your thick and shaggy fur keeps you warm.
                  | (AC +3, rC+) [Felid growth]
     6 | D        | Reached XP level 12. HP: 71/71 MP: 13/13
     6 | D        | Reached XP level 13. HP: 75/75 MP: 14/14
     6 | D        | Noticed a meat berserker
     7 | D        | Noticed a bag of meat
     8 | D        | Killed a meat berserker
     8 | D        | Reached * piety under Makhleb
     8 | D        | Reached XP level 14. HP: 83/83 MP: 15/15
     8 | D        | Noticed a meat berserker
     9 | D        | Noticed a bag of meat
     9 | D        | Noticed a bag of meat
     9 | D        | Noticed a bag of meat
    10 | D        | Killed a meat berserker
    10 | D        | Reached skill level 27 in Dodging
    10 | D        | Reached XP level 15. HP: 91/91 MP: 16/16
    11 | D        | Noticed a meat berserker
    11 | D        | Noticed a meat berserker
    13 | D        | Reached ** piety under Makhleb
    13 | D        | Reached skill level 27 in Fighting
    13 | D        | Reached skill level 27 in Unarmed Combat
    15 | D        | Killed a meat berserker
    15 | D        | Reached XP level 16. HP: 100/100 MP: 16/32
    17 | D        | Killed a meat berserker
    17 | D        | Reached *** piety under Makhleb
    17 | D        | Reached XP level 17. HP: 104/104 MP: 16/38
    19 | D        | Noticed a meat berserker
    21 | D        | Reached skill level 27 in Stealth
    22 | D        | Reached **** piety under Makhleb
    22 | D        | Reached XP level 18. HP: 109/109 MP: 17/44
    26 | D        | Killed a meat berserker
    26 | D        | Reached skill level 27 in Invocations
    26 | D        | Reached XP level 19. HP: 113/113 MP: 17/50
    27 | D        | Noticed a large bag of meat
    28 | D        | Noticed a meat berserker
    29 | D        | Noticed a large bag of meat
    30 | D        | Killed a large bag of meat
    30 | D        | Killed from afar by a large bag of meat
    30 | D        | Reached ***** piety under Makhleb
    30 | D        | Reached skill level 27 in Spellcasting
    31 | D        | Reached XP level 18. HP: 63/109 MP: 19/50
    32 | D        | Noticed a meat berserker
    35 | D        | Killed a meat berserker
    35 | D        | Reached XP level 19. HP: 113/113 MP: 51/51
    36 | D        | Noticed a destroyer
    39 | D        | Killed a large bag of meat
    41 | D        | Killed a destroyer
    41 | D        | Reached XP level 20. HP: 118/118 MP: 52/52
    41 | D        | Noticed a destroyer
    43 | D        | Reached ****** piety under Makhleb
    45 | D        | Annihilated by a sculptor of flesh
    46 | D        | Reached XP level 19. HP: -56/113 MP: 51/51
    46 | D        | Noticed a large bag of meat
    46 | D        | Noticed a meat berserker
    46 | D        | Noticed a meat berserker
    47 | D        | Noticed a large bag of meat
    48 | D        | Noticed an accursed
    50 | D        | Noticed a tyrant
    51 | D        | Noticed a destroyer
    52 | D        | Killed a meat berserker
    52 | D        | Reached XP level 20. HP: 118/118 MP: 52/52
    52 | D        | Noticed an accursed
    53 | D        | Noticed a meat berserker
    54 | D        | Noticed a destroyer
    56 | D        | Killed a meat berserker
    56 | D        | Noticed a meat berserker
    58 | D        | Noticed a meat berserker
    59 | D        | Killed a large bag of meat
    59 | D        | Reached XP level 21. HP: 60/122 MP: 53/53
    63 | D        | Noticed a destroyer
    65 | D        | Reached XP level 22. HP: 127/127 MP: 54/54
    65 | D        | Noticed a tyrant
    66 | D        | Noticed an accursed
    67 | D        | Killed a destroyer
    68 | D        | Killed a destroyer
    69 | D        | Killed a large bag of meat
    69 | D        | Reached XP level 23. HP: 114/131 MP: 55/55
    70 | D        | Noticed a destroyer
    73 | D        | Killed a tyrant
    73 | D        | Reached XP level 24. HP: 136/136 MP: 55/55
    73 | D        | Noticed a meat beast
    74 | D        | Killed an accursed
    76 | D        | Killed a tyrant
    76 | D        | Noticed a tyrant
    77 | D        | Killed a destroyer
    77 | D        | Reached XP level 25. HP: 132/140 MP: 55/55
    78 | D        | Killed from afar by a tyrant
    78 | D        | Noticed a dread
    79 | D        | Reached XP level 24. HP: -1/136 MP: 55/55
    79 | D        | Noticed a dread
    79 | D        | Noticed a large bag of meat
    79 | D        | Noticed an accursed
    79 | D        | Noticed a dread
    79 | D        | Killed a dread
    80 | D        | Killed a large bag of meat
    80 | D        | Reached XP level 25. HP: 140/140 MP: 55/55
    80 | D        | Noticed The Captor
    81 | D        | Noticed an accursed
    82 | D        | Killed an accursed
    84 | D        | Noticed an accursed
    84 | D        | Noticed a destroyer
    87 | D        | Reached XP level 26. HP: 25/142 MP: 55/55
    87 | D        | HP: 3/142 [meat berserker/+9 battleaxe (22)]
    87 | D        | Slain by a dread
    87 | D        | Noticed a large bag of meat
    88 | D        | Reached XP level 25. HP: -4/137 MP: 55/55
    88 | D        | Noticed a destroyer
    88 | D        | Noticed a destroyer
    88 | D        | Noticed a large bag of meat
    88 | D        | Killed an accursed
    90 | D        | Mangled by a bag of meat
    91 | D        | Reached XP level 24. HP: -13/136 MP: 55/55
    91 | D        | Noticed a destroyer
    91 | D        | Noticed a dread
    91 | D        | Noticed a large bag of meat
    91 | D        | Noticed a dread
    91 | D        | Noticed a destroyer
    93 | D        | Killed a destroyer
    93 | D        | Reached XP level 25. HP: 140/140 MP: 55/55
    94 | D        | Noticed a dread
    95 | D        | Noticed a tyrant
    99 | D        | Killed a large bag of meat
    99 | D        | HP: 7/140 [large bag of meat/+9 giant spiked club (133)]
    99 | D        | Noticed a tyrant
   100 | D        | Killed a large bag of meat
   100 | D        | Killed from afar by a large bag of meat

Skill      XL: |  1  2  3  4  5  6  7  8  9 10 11 12 13 14 15 16 17 18 19 |
---------------+----------------------------------------------------------+-----
Fighting       | 19 21 24 27 | 27.0
Dodging        | 23 26 27 | 27.0
Unarmed Combat | 19 21 24 27 | 27.0
Stealth        | 17 24 27 | 27.0
Spellcasting   | 11 16 21 26 27 | 27.0
Invocations    | 12 18 22 27 | 27.0

Action                   |  1- 3 |  4- 6 |  7- 9 | 10-12 | 13-15 | 16-18 | 19-21 | 22-24 | 25-27 || total
-------------------------+-------+-------+-------+-------+-------+-------+-------+-------+-------++-------
Melee: Unarmed           |     1 |       |       |       |     5 |    11 |    21 |    15 |    13 ||    66
       Punch             |       |       |       |       |       |       |       |       |     1 ||     1
Invok: Greater Servant o |       |       |       |       |       |       |     1 |       |     1 ||     2
 Stab: Distracted        |       |       |       |       |       |       |       |     1 |       ||     1
Dodge: Dodged            |       |       |       |       |       |     1 |     8 |    12 |     9 ||    30
